 Dungeon Crawl Stone Soup version 0.31-a0-819-gf6de2f5ab6 (webtiles) character file.

Game seed: 5352410123364636139

14357 greenreed the Grappler (level 11, -5/115 HPs)
             Began as a Troll Shapeshifter on Sept 23, 2023.
             Was an Initiate of Ru.
             Slain by a boulder beetle (27 damage)
             ... on level 12 of the Dungeon.
             The game lasted 00:22:31 (9630 turns).

greenreed the Grappler (Troll Shapeshifter)         Turns: 9630, Time: 00:22:31

Health: -5/115     AC: 13    Str: 28    XL:     11   Next: 87%
Magic:  10/10      EV: 31    Int:  6    God:    Ru [......]
Gold:   615        SH:  0    Dex:  9    Spells: 10/10 levels left

rFire   + +          .
                       - Unarmed
rCold   + + .        (shield currently unavailable)
rNeg    . . .        C - +2 robe {rC+ rF+}
rPois   +            (helmet restricted)
rElec   +            u - +2 cloak {Stlth+}
rCorr   +            (gloves unavailable)
SInv    .            (boots unavailable)
Will    .....        o - amulet of the acrobat
Stlth   +            L - +5 ring of evasion
HPRegen 1.19/turn    S - +4 ring of protection
MPRegen 0.12/turn

%: acrobat
@: flux-form, resistant, acrobatic, hasted, glowing, very quick
A: glow, contaminating, large, unfitting armour, claws 3, regeneration 1, shaggy
fur 1, tough skin 1
a: Begin Untransformation, Renounce Religion


You were on level 12 of the Dungeon.
You worshipped Ru.
Ru was noncommittal.
You were something dangerously unstable.
You visited 2 branches of the dungeon, and saw 13 of its levels.
You also visited: Sewer.

You collected 916 gold pieces.
You spent 301 gold pieces at shops.

Inventory:

Hand Weapons
 J - a +4 trident of draining
 T - a +2 whip of flaming
Missiles
 h - 2 atropa-tipped darts
 R - a curare-tipped dart
Armour
 u - a +2 cloak of stealth (worn)
 C - a +2 robe of resistance (worn)
Jewellery
 o - an amulet of the acrobat (around neck)
 F - an amulet of reflection
 L - a +5 ring of evasion (left claw)
 N - an amulet of guardian spirit
 S - a +4 ring of protection (right claw)
Talismans
 c - a beast talisman
 d - a flux talisman (active)
 y - a serpent talisman
Wands
 a - a wand of light (1)
 s - a wand of flame (21) (quivered)
 B - a wand of mindburst (15)
 M - a wand of charming (8)
Scrolls
 b - 3 scrolls of fear {unknown}
 e - 3 scrolls of noise
 i - 2 scrolls of amnesia {unknown}
 j - 2 scrolls of teleportation {unknown}
 m - 2 scrolls of blinking
 p - 2 scrolls of poison
 q - 3 scrolls of immolation
 t - a scroll of revelation {unknown}
 w - 2 scrolls of butterflies
 D - 2 scrolls of fog {unknown}
 E - 3 scrolls of enchant weapon
 G - a scroll of torment {unknown}
 O - a scroll of brand weapon {unknown}
Potions
 f - a potion of curing
 g - 3 potions of attraction
 k - a potion of invisibility {unknown}
 l - 2 potions of ambrosia
 n - a potion of enlightenment {unknown}
 r - 4 potions of haste
 v - 4 potions of mutation
 x - 2 potions of heal wounds {unknown}
 z - 2 potions of might
 A - a potion of lignification
 H - a potion of brilliance {unknown}
 K - 2 potions of cancellation
 Q - a potion of degeneration {unknown}
Miscellaneous
 P - a phantom mirror


   Skills:
 * Level 9.6 Fighting
 + Level 6.7 Dodging
 * Level 11.8 Unarmed Combat
 + Level 7.8 Shapeshifting


You had 10 spell levels left.
You didn't know any spells.
Your spell library contained the following spells:

 Spells                   Type           Power      Damage    Failure   Level
 Summon Small Mammal      Summ           0%         N/A       45%         1
 Cigotuvi's Dreadful Rot  Necr/Pois/Air  0%         N/A       58%         2
 Ensorcelled Hibernation  Hex/Ice        0%         N/A       58%         2
 Jinxbite                 Hex            0%         N/A       58%         2
 Call Canine Familiar     Summ           0%         N/A       83%         3
 Gell's Gravitas          Tloc           0%         N/A       83%         3
 Ignite Poison            Fire/Tmut/Pois 0%         N/A       83%         3
 Summon Guardian Golem    Hex/Summ       0%         N/A       83%         3
 Teleport Other           Tloc           0%         N/A       83%         3
 Anguish                  Hex/Necr       0%         N/A       99%         4
 Freezing Cloud           Conj/Ice/Air   0%         6-21      100%        5
 Dispersal                Tloc           0%         N/A       100%        6


Dungeon Overview and Level Annotations

Branches:
Dungeon (12/15)            Temple (1/1) D:6            Lair (0/5) D:10
    Orc (0/2) D:11          Sewer (visited)

Altars:
Ashenzari
Cheibriados
Dithmenos
Elyvilon
Fedhas
Gozag
Hepliaklqana
Kikubaaqudgha
Makhleb
Nemelex Xobeh
Okawaru
Qazlal
Ru
Sif Muna
Trog
Uskayaw
Vehumet
Wu Jian
Xom
Yredelemnul
Zin
The Shining One

Shops:
D:1 ([*   D:4 [


Innate Abilities, Weirdness & Mutations

You are something dangerously unstable.
You glow with magical radiation, making you easy to see and hit.
Foes you strike become dangerously contaminated with magical radiation.
You are incapable of wielding weapons or throwing items.
You are too large for most types of armour.
You have claws for hands.
Your natural rate of healing is unusually fast.
You are covered in fur. (AC +1)
You have tough skin. (AC +1)


Message History

The boulder beetle bites you.
Your limbs are stiffening.
You claw the boulder beetle!
The boulder beetle begins to glow.
The boulder beetle is heavily wounded.
The boulder beetle misses you.
You have turned to stone.
The boulder beetle bites you but does no damage.
The cyclops throws a large rock.
The large rock hits you! The boulder beetle bites you.
The cyclops throws a large rock.
The large rock hits you!!
The boulder beetle bites you but does no damage.
The boulder beetle stops glowing.
The boulder beetle leaps!
The boulder beetle waves its antennae.
The cyclops hits you!! The cyclops hits you!! x2
* * * LOW HITPOINT WARNING * * *
You turn to flesh and can move again.
Unknown command.
You scratch the cyclops but do no damage.
The cyclops begins to glow.
You mangle the cyclops!!
The cyclops glows dangerously bright.
The cyclops is heavily wounded.
The cyclops hits you!!
* * * LOW HITPOINT WARNING * * *
You feel better. The boulder beetle bites you.
* * * LOW HITPOINT WARNING * * *
It was a potion of resistance.
You feel protected. The cyclops hits you.
* * * LOW HITPOINT WARNING * * *
The boulder beetle bites you but does no damage.
You feel better. The cyclops hits you.
* * * LOW HITPOINT WARNING * * *
The boulder beetle closely misses you.
You feel better. The boulder beetle barely misses you. The cyclops hits you.
* * * LOW HITPOINT WARNING * * *
You feel yourself speed up. The boulder beetle misses you.
The cyclops attacks as it pursues you! The cyclops barely misses you.
The boulder beetle curls into a ball and begins rolling!
The boulder beetle attacks as it pursues you!
The boulder beetle hits you!!
You die...

#.# #.# #.# #.#
########.#
.........#
.........#
########.# #p# #B#
#○#
...#############°#
................C#
................°#
...............°.#
...[.............#
.................#


You could see a boulder beetle (rolling, misshapen) and a cyclops (contam).

Vanquished Creatures
  3 boulder beetles
  A two-headed ogre (D:10)
  Nergalle (D:11)
  Pikel (D:9)
  2 ugly things (D:12)
  Jeremiah (D:7)
  2 trolls
  Prince Ribbit (D:5)
  A shadow (D:10)
  A wraith (D:10)
  23 yaks
  A basilisk (D:12)
  Menkaure (D:5)
  3 steam dragons
  An acid dragon (D:11)
  3 water moccasins
  6 orc warriors
  2 ice beasts
  3 black bears
  4 centaurs
  5 ogres
  3 phantoms
  3 lemures
  9 kobold brigands
  2 gnoll sergeants
  2 scorpions
  3 wights (D:6)
  A killer bee (D:5)
  5 howler monkeys
  6 electric eels
  3 hounds (D:5)
  3 jellies
  6 orc priests
  2 sleepcaps
  4 iguanas
  11 orc wizards
  Robin (D:4)
  13 gnolls
  13 adders
  A shadow imp (D:5)
  2 white imps
  3 worms
  A dart slug (D:3)
  54 orcs
  7 ball pythons
  9 endoplasms
  8 giant cockroaches
  6 hobgoblins
  3 jackals (D:2)
  6 quokkas
  6 bats
  6 frilled lizards
  15 goblins
  43 kobolds
  9 rats
335 creatures vanquished.

Notes
Turn   | Place    | Note
-------+----------+-------------------------------------------
     0 | D:1      | greenreed the Troll Shapeshifter began the quest for the
                  | Orb.
     0 | D:1      | Reached XP level 1. HP: 18/18 MP: 0/0
    96 | D:1      | Found Coipt's Antique Weapon Emporium.
   101 | D:1      | Reached skill level 1 in Fighting
   157 | D:1      | Reached XP level 2. HP: 27/27 MP: 1/1
   164 | D:1      | Found Bybb's Antique Armour Shop.
   283 | D:1      | Found Ashriogg's Assorted Antiques.
   506 | D:2      | Reached XP level 3. HP: 33/33 MP: 2/2
   580 | D:2      | Found a faded altar of an unknown god.
  1100 | D:3      | Found an ornate altar of the Wu Jian Council.
  1124 | D:3      | Reached XP level 4. HP: 42/42 MP: 3/3
  1236 | D:3      | Reached skill level 4 in Unarmed Combat
  1436 | D:3      | Reached XP level 5. HP: 42/50 MP: 4/4
  1482 | D:3      | Found a sacrificial altar of Ru.
  1482 | D:3      | Found a sparkling altar of Nemelex Xobeh.
  1491 | D:3      | Became a worshipper of Ru the Awakened
  2017 | D:3      | Found a shimmering blue altar of Sif Muna.
  2153 | D:3      | Found a bloodstained altar of Trog.
  2154 | D:3      | Found a blossoming altar of Fedhas.
  2173 | D:4      | Noticed an ogre
  2261 | D:4      | Killed an ogre
  2262 | D:4      | Reached XP level 6. HP: 61/61 MP: 5/5
  2292 | D:4      | Found a glowing silver altar of Zin.
  2293 | D:4      | Found a hazy altar of Hepliaklqana.
  2343 | D:4      | Found Yhiy's Armour Shoppe.
  2382 | D:4      | Reached skill level 5 in Unarmed Combat
  2465 | D:4      | Noticed Robin
  2476 | D:4      | Killed Robin
  2518 | D:4      | Found a basalt altar of Yredelemnul.
  2532 | D:4      | Reached XP level 7. HP: 57/67 MP: 6/6
  3022 | D:1      | Bought a runed cloak for 202 gold pieces
  3124 | D:5      | Entered Level 5 of the Dungeon
  3146 | D:5      | Found a glowing drain.
  3271 | D:5      | Noticed Prince Ribbit
  3288 | Sewer    | Entered a sewer
  3451 | Sewer    | Reached skill level 6 in Unarmed Combat
  3578 | D:5      | Reached XP level 8. HP: 48/79 MP: 7/7
  3594 | D:5      | HP: 2/79 [Prince Ribbit (9)]
  3599 | D:5      | Killed Prince Ribbit
  3677 | D:5      | Reached skill level 5 in Fighting
  3728 | D:5      | Reached skill level 7 in Unarmed Combat
  3736 | D:5      | Reached skill level 5 in Shapeshifting
  3809 | D:5      | Noticed Menkaure
  3814 | D:5      | Killed Menkaure
  3815 | D:5      | Reached XP level 9. HP: 52/89 MP: 8/8
  4302 | D:1      | Bought a runed robe for 99 gold pieces
  4526 | D:6      | Reached skill level 8 in Unarmed Combat
  4562 | D:6      | Found a staircase to the Ecumenical Temple.
  4689 | Temple   | Entered the Ecumenical Temple
  5047 | D:6      | Found an ancient bone altar of Kikubaaqudgha.
  5630 | D:7      | Reached skill level 9 in Unarmed Combat
  5673 | D:7      | Reached skill level 5 in Dodging
  5799 | D:7      | Reached XP level 10. HP: 102/102 MP: 9/9
  5820 | D:7      | Noticed Jeremiah
  5830 | D:7      | Killed Jeremiah
  5973 | D:7      | Found a glowing golden altar of the Shining One.
  6102 | D:8      | Noticed a boulder beetle
  6207 | D:8      | Killed a boulder beetle
  6578 | D:8      | Reached skill level 10 in Unarmed Combat
  6806 | D:8      | Found an opulent altar of Gozag.
  6985 | D:8      | Reached XP level 11. HP: 98/113 MP: 10/10
  7305 | D:9      | Noticed Pikel
  7422 | D:9      | Found a stormy altar of Qazlal.
  7742 | D:9      | Killed Pikel
  7802 | D:9      | Found a shadowy altar of Dithmenos.
  7935 | D:10     | Entered Level 10 of the Dungeon
  8096 | D:10     | Found a staircase to the Lair.
  8151 | D:10     | Noticed a two-headed ogre
  8158 | D:10     | Killed a two-headed ogre
  8159 | D:10     | Reached skill level 11 in Unarmed Combat
  8550 | D:11     | Found a staircase to the Orcish Mines.
  8723 | D:11     | Noticed Nergalle
  8726 | D:11     | Noticed a boulder beetle
  8738 | D:11     | Noticed a spectral orc warlord
  8740 | D:11     | Killed Nergalle
  8748 | D:11     | Killed a boulder beetle
  8837 | D:11     | Identified the +2 whip of Eskopaoc {protect, +Blink rC++}
  9313 | D:12     | Found a blossoming altar of Fedhas.
  9313 | D:12     | Noticed a boulder beetle
  9356 | D:12     | Noticed a boulder beetle
  9370 | D:12     | Killed a boulder beetle
  9442 | D:12     | Noticed a red ugly thing
  9455 | D:12     | Killed a purple ugly thing
  9482 | D:12     | Noticed a cyan ugly thing
  9490 | D:12     | Killed a green ugly thing
  9617 | D:12     | HP: 4/115 [cyclops (28)]
  9630 | D:12     | Slain by a boulder beetle

Illustrated notes

Levels and vault maps discovered:
D:1:      sevenhm_arrival_forest_fort_large_2, layout_rooms, serial_shops,
          nicolae_shop_real_fake_doors, nicolae_shop_tiny_statue_garden, shop
D:2:      layout_basic, shapermc_ecumenical_altar_pompeii,
          lightli_corner_chamber
D:3:      layout_basic, nicolae_overflow_hidden_temple,
          nicolae_sif_muna_little_library, mainiacjoe_overflow_alcove_1,
          minitemple, dk_noncrumbling_4
D:4:      layout_loops_cross, chequers_temple_overflow_statue_of_worship,
          yredelemnul_altar_generic, serial_shops, nicolae_square_shop,
          uniq_robin
D:5:      cheibrodos_fzero, layout_layer_cave, gup_sewer_entry_glass,
          uniq_menkaure, uniq_prince_ribbit1
D:6:      layout_basic, kiku_gazebo_garden_becter, minmay_temple_entry_wispy,
          lightli_minifort
D:7:      layout_basic, tso_oasis_becter, hangedman_decor_slide_cut,
          kennysheep_boxes, uniq_jeremiah
D:8:      layout_basic, general_overflow_altar
D:9:      layout_basic, grunt_qazlal_sundering, kennysheep_mini_moat, uniq_pikel
D:10:     layout_roguey [special_room_orc], lair_entry_dummy
D:11:     layout_grid_maze, orc_0_dummy, uniq_nergalle
D:12:     lemuel_ice_statue, layout_long_grid, fedhas_altar_1, uniq_snorg
Temple:   nicolae_temple_two_arcs

Skill      XL: |  1  2  3  4  5  6  7  8  9 10 11 |
---------------+----------------------------------+-----
Fighting       | 1 2 3 4 5 7 8 9 |  9.6
Dodging        | 2 3 4 5 6 |  6.7
Unarmed Combat | 4 5 6 7 9 10 11 | 11.8
Shapeshifting  | 4 5 6 7 |  7.8

Action                     |  1- 3 |  4- 6 |  7- 9 | 10-12 || total
---------------------------+-------+-------+-------+-------++-------
  Melee: Unarmed           |    78 |   125 |   317 |   368 ||   888
         Punch             |       |     4 |     6 |     7 ||    17
 Invoke: Reject Sacrifices |       |     1 |     1 |     1 ||     3
  Evoke: Wand              |       |     3 |       |     5 ||     8
    Use: Potion            |       |       |     1 |     6 ||     7
         Scroll            |       |       |       |    13 ||    13
 Armour: Animal skin       |    45 |    77 |   139 |       ||   261
         Skin              |       |       |     3 |    11 ||    14
         Robe              |       |       |    69 |   213 ||   282
  Dodge: Dodged            |    37 |    59 |   163 |   249 ||   508
         Form:             |       |       |       |     1 ||     1
         Flux              |       |       |       |     1 ||     1

Table legend: (Time is in decaauts)
 A = Elapsed time spent in this place.
 B = Non-inter-level travel time spent in this place.
 C = Inter-level travel time spent in this place.
 D = Time resting spent in this place.
 E = Time spent auto-exploring this place.
 F = Levels seen in this place.
 G = Mean time per level.
                   A        B        C        D        E       F      G
               +--------+--------+--------+--------+--------+-----+--------+
         Total |   9525 |   8852 |    673 |    343 |   6501 |  14 |  680.4 |
       Dungeon |   9243 |   8570 |    673 |    343 |   6319 |  12 |  770.2 |
        Temple |      6 |      6 |      0 |      0 |      0 |   1 |    6.0 |
         Sewer |    276 |    276 |      0 |      0 |    182 |   1 |  276.0 |
               +--------+--------+--------+--------+--------+-----+--------+

Top non-repeatable levels by time:
     D:3: 1263 daAuts
     D:7: 1058 daAuts
     D:4: 888 daAuts
     D:9: 867 daAuts
     D:8: 850 daAuts
    D:11: 814 daAuts
     D:5: 796 daAuts
     D:2: 689 daAuts
     D:6: 680 daAuts
    D:10: 549 daAuts
     D:1: 493 daAuts
    D:12: 290 daAuts
   Sewer: 276 daAuts
  Temple: 6 daAuts
